NCAA
NORTH CAROLINA STATE WOLFPACK @ OREGON STATE BEAVERS
05/18/2029
 
TOP OF THE 1ST
North Carolina State Wolfpack batting - Pitching for Oregon State Beavers : RHP Carlos Abrante
Pitching: RHP Carlos Abrante
Batting: LHB Steven Gregory 0-0: Ball
1-0: Ball
2-0: Called Strike
2-1: Swinging Strike
2-2: Strikes out swinging
Batting: LHB Ramón Quintanilla 0-0: Ground out 4-3 (Groundball, 4)
Batting: LHB Aaron Atkins 0-0: Called Strike
0-1: Ball
1-1: Ball
2-1: Called Strike
2-2: Foul Ball, location: 2F
2-2: Foul Ball, location: 2F
2-2: Ball
3-2: Ground out 5-3 (Groundball, 5)
Top of the 1st over - 0 runs, 0 hits, 0 errors, 0 left on base; North Carolina State 0 - Oregon State 0
BOTTOM OF THE 1ST
Oregon State Beavers batting - Pitching for North Carolina State Wolfpack : RHP Lou Dyer
Pitching: RHP Lou Dyer
Batting: RHB Travis Jackson 0-0: Called Strike
0-1: Swinging Strike
0-2: Strikes out swinging
Batting: RHB Lance Fullerton 0-0: Swinging Strike
0-1: Swinging Strike
0-2: Foul Ball, location: 2F
0-2: Foul Ball, location: 2F
0-2: Ball
1-2: Foul Ball, location: 2F
1-2: Ball
2-2: Foul Ball, location: 2F
2-2: Strikes out swinging
Batting: RHB Michael Kissinger 0-0: Ball
1-0: Called Strike
1-1: SINGLE (Groundball, 3D)
Batting: RHB Chris Daly 0-0: Ball
Wild Pitch!
Michael Kissinger to second
1-0: Fly out, F7 (Flyball, 7)
Bottom of the 1st over - 0 runs, 1 hit, 0 errors, 1 left on base; North Carolina State 0 - Oregon State 0
TOP OF THE 2ND
North Carolina State Wolfpack batting - Pitching for Oregon State Beavers : RHP Carlos Abrante
Batting: LHB John Fuller 0-0: Ball
1-0: Called Strike
1-1: Foul Ball, location: 2F
1-2: Ball
2-2: Ball
3-2: Foul Ball, location: 2F
3-2: Foul Ball, location: 2F
3-2: Foul Ball, location: 2F
3-2: DOUBLE (Line Drive, 78D)
Batting: LHB Ryan Cook 0-0: Ball
1-0: Foul Ball, location: 2F
1-1: Ball
2-1: Fly out, F8 (Flyball, 8RS)
Batting: SHB Paul Campbell 0-0: Ball
1-0: Ball
2-0: Foul Ball, location: 2F
2-1: Foul Ball, location: 2F
2-2: Strikes out looking
Batting: RHB Chris Seals 0-0: Fly out, F7 (Flyball, 7S)
Top of the 2nd over - 0 runs, 1 hit, 0 errors, 1 left on base; North Carolina State 0 - Oregon State 0
BOTTOM OF THE 2ND
Oregon State Beavers batting - Pitching for North Carolina State Wolfpack : RHP Lou Dyer
Batting: LHB Jon Jackson 0-0: Called Strike
0-1: SINGLE (Groundball, 13S) (infield hit)
Batting: RHB Wilson Serrano 0-0: Swinging Strike
0-1: Swinging Strike
0-2: Ball
1-2: Strikes out swinging
Batting: SHB Luis Rodríguez 0-0: Ball
1-0: SINGLE (Groundball, 4S) (infield hit)
Jon Jackson to second
Batting: RHB Julius Sears 0-0: Called Strike
0-1: Fly out, F7 (Flyball, 7)
Batting: RHB Bert Smith 0-0: Ball
1-0: Called Strike
1-1: Foul Ball, location: 2F
1-2: Ball
2-2: Foul Ball, location: 2F
2-2: Fielders Choice at 2nd, U6 (Groundball, 6M)
Bottom of the 2nd over - 0 runs, 2 hits, 0 errors, 2 left on base; North Carolina State 0 - Oregon State 0
TOP OF THE 3RD
North Carolina State Wolfpack batting - Pitching for Oregon State Beavers : RHP Carlos Abrante
Batting: RHB Héctor Meléndez 0-0: Ball
1-0: Ball
2-0: Ball
3-0: Called Strike
3-1: Foul Ball, location: 2F
3-2: Strikes out swinging
Batting: LHB Trent Harper 0-0: Ball
1-0: Swinging Strike
1-1: Called Strike
1-2: Foul Ball, location: 2F
1-2: Ground out 4-3 (Groundball, 4)
Batting: LHB Steven Gregory 0-0: Ball
1-0: Foul Ball, location: 2F
1-1: Swinging Strike
1-2: Foul Ball, location: 2F
1-2: Foul Ball, location: 2F
1-2: Ball
2-2: Ball
3-2: Strikes out looking
Top of the 3rd over - 0 runs, 0 hits, 0 errors, 0 left on base; North Carolina State 0 - Oregon State 0
BOTTOM OF THE 3RD
Oregon State Beavers batting - Pitching for North Carolina State Wolfpack : RHP Lou Dyer
Batting: RHB Travis Jackson 0-0: Swinging Strike
0-1: SINGLE (Line Drive, 56D)
Batting: RHB Lance Fullerton 0-0: Called Strike
0-1: Grounds into double play, 6-4-3 (Groundball, 6)
Batting: RHB Michael Kissinger 0-0: Swinging Strike
0-1: SINGLE (Flyball, 9S)
Batting: RHB Chris Daly 0-0: Ball
1-0: Ball
2-0: Foul Ball, location: 2F
2-1: Foul Ball, location: 2F
2-2: Strikes out swinging
Bottom of the 3rd over - 0 runs, 2 hits, 0 errors, 1 left on base; North Carolina State 0 - Oregon State 0
TOP OF THE 4TH
North Carolina State Wolfpack batting - Pitching for Oregon State Beavers : RHP Carlos Abrante
Batting: LHB Ramón Quintanilla 0-0: SINGLE (Line Drive, 34)
Batting: LHB Aaron Atkins 0-0: Foul Ball, location: 2F
0-1: Ball
1-1: Swinging Strike
1-2: Strikes out swinging
Batting: LHB John Fuller 0-0: Called Strike
0-1: Foul Ball, location: 2F
0-2: Ball
1-2: Ball
2-2: Ball
3-2: Base on Balls
Ramón Quintanilla to second
Batting: LHB Ryan Cook 0-0: Called Strike
0-1: SINGLE (Line Drive, 3D)
Ramón Quintanilla to third
John Fuller to second
Runner from 3rd tries for Home, throw and OUT!
Batting: SHB Paul Campbell 0-0: Called Strike
0-1: Ball
1-1: Ball
2-1: Fly out, F8 (Line Drive, 8RD)
Top of the 4th over - 0 runs, 2 hits, 0 errors, 2 left on base; North Carolina State 0 - Oregon State 0
BOTTOM OF THE 4TH
Oregon State Beavers batting - Pitching for North Carolina State Wolfpack : RHP Lou Dyer
Batting: LHB Jon Jackson 0-0: Called Strike
0-1: Swinging Strike
0-2: Ball
1-2: Ball
2-2: Strikes out swinging
Batting: RHB Wilson Serrano 0-0: Fly out, F9 (Flyball, 9S)
Batting: SHB Luis Rodríguez 0-0: Ball
1-0: Ball
2-0: Ball
3-0: Base on Balls
Batting: RHB Julius Sears 0-0: Ball
1-0: Ball
2-0: Called Strike
2-1: 2-RUN HOME RUN (Flyball, 78XD), Distance : 372 ft
Batting: RHB Bert Smith 0-0: Ball
1-0: Called Strike
1-1: DOUBLE (Line Drive, 78D)
Batting: RHB Travis Jackson 0-0: Ball
1-0: Ball
2-0: Called Strike
2-1: Swinging Strike
2-2: Ball
3-2: Base on Balls
Batting: RHB Lance Fullerton 0-0: Ball
1-0: Ball
2-0: Foul Ball, location: 2F
2-1: Called Strike
2-2: Foul Ball, location: 2F
2-2: Strikes out swinging
Bottom of the 4th over - 2 runs, 2 hits, 0 errors, 2 left on base; North Carolina State 0 - Oregon State 2
TOP OF THE 5TH
North Carolina State Wolfpack batting - Pitching for Oregon State Beavers : RHP Carlos Abrante
Batting: RHB Chris Seals 0-0: Ball
1-0: Foul Ball, location: 2F
1-1: Ball
2-1: Ground out 6-3 (Groundball, 6)
Batting: RHB Héctor Meléndez 0-0: Called Strike
0-1: Ball
1-1: Foul Ball, location: 2F
1-2: Strikes out looking
Batting: LHB Trent Harper 0-0: Called Strike
0-1: Ball
1-1: Foul Ball, location: 2F
1-2: Ball
2-2: Ball
3-2: Strikes out looking
Top of the 5th over - 0 runs, 0 hits, 0 errors, 0 left on base; North Carolina State 0 - Oregon State 2
BOTTOM OF THE 5TH
Oregon State Beavers batting - Pitching for North Carolina State Wolfpack : RHP Lou Dyer
Batting: RHB Michael Kissinger 0-0: Called Strike
0-1: Fly out, F3 (Popup, 3SF)
Batting: RHB Chris Daly 0-0: Ball
1-0: Foul Ball, location: 2F
1-1: Ball
2-1: Ball
3-1: Base on Balls
Pitching: RHP Vaughn O'Malquiney
Batting: LHB Jon Jackson 0-0: Ball
1-0: Called Strike
1-1: Ball
2-1: Swinging Strike
2-2: Foul Ball, location: 2F
2-2: Fly out, F8 (Flyball, 8RD)
Batting: RHB Wilson Serrano 0-0: Called Strike
0-1: Called Strike
0-2: Ball
1-2: Ball
2-2: Ball
Wild Pitch!
Chris Daly to second
3-2: Foul Ball, location: 2F
3-2: Foul Ball, location: 2F
3-2: Strikes out swinging
Bottom of the 5th over - 0 runs, 0 hits, 0 errors, 1 left on base; North Carolina State 0 - Oregon State 2
TOP OF THE 6TH
North Carolina State Wolfpack batting - Pitching for Oregon State Beavers : RHP Carlos Abrante
Pitching: RHP Paul Gallagher
Batting: LHB Steven Gregory 0-0: Ball
1-0: Ball
2-0: Ground out 5-3 (Groundball, 56)
Batting: LHB Ramón Quintanilla 0-0: Ball
1-0: Ball
2-0: Called Strike
2-1: Called Strike
2-2: Strikes out swinging
Batting: LHB Aaron Atkins 0-0: Ball
1-0: Ball
2-0: Called Strike
2-1: Ball
3-1: Foul Ball, location: 2F
3-2: SINGLE (Line Drive, 56)
Batting: LHB John Fuller 0-0: Foul Ball, location: 2F
0-1: Foul Ball, location: 2F
0-2: Fly out, F8 (Flyball, 89D)
Top of the 6th over - 0 runs, 1 hit, 0 errors, 1 left on base; North Carolina State 0 - Oregon State 2
BOTTOM OF THE 6TH
Oregon State Beavers batting - Pitching for North Carolina State Wolfpack : RHP Vaughn O'Malquiney
Batting: SHB Luis Rodríguez 0-0: Ball
1-0: Ball
2-0: Ball
3-0: Fly out, F8 (Flyball, 78S)
Batting: RHB Julius Sears 0-0: Ball
1-0: Ball
2-0: Ball
3-0: Called Strike
3-1: DOUBLE (Flyball, 89D)
Batting: RHB Bert Smith 0-0: Ball
1-0: Ball
2-0: Foul Ball, location: 2F
2-1: Foul Ball, location: 2F
2-2: Strikes out swinging
Batting: RHB Travis Jackson 0-0: Ball
1-0: Ball
2-0: Ball
3-0: Base on Balls
Batting: RHB Lance Fullerton 0-0: SINGLE (Groundball, 6MD)
Julius Sears to third
Travis Jackson to second
Runner from 3rd tries for Home, SAFE, throw made home
Batting: RHB Michael Kissinger 0-0: Ground out 5-3 (Groundball, 56S)
Bottom of the 6th over - 1 run, 2 hits, 0 errors, 2 left on base; North Carolina State 0 - Oregon State 3
TOP OF THE 7TH
North Carolina State Wolfpack batting - Pitching for Oregon State Beavers : RHP Paul Gallagher
Batting: LHB Ryan Cook 0-0: Called Strike
0-1: SINGLE (Line Drive, 89S)
Batting: SHB Paul Campbell 0-0: Ball
1-0: Ball
2-0: Ball
Balk!
Ryan Cook to second
3-0: Base on Balls
Batting: RHB Chris Seals 0-0: Called Strike
0-1: Swinging Strike
0-2: Fly out, F3 (Line Drive, 34)
Batting: RHB Héctor Meléndez 0-0: Called Strike
0-1: 3-RUN HOME RUN (Flyball, 78XD), Distance : 369 ft
Pitching: LHP Carroll O'Donovan
Pinch Hitting: SHB Mark Hendree 0-0: Swinging Strike
0-1: SINGLE (Flyball, 78M)
Batting: LHB Steven Gregory 0-0: Called Strike
Mark Hendree is caught stealing 2nd base
0-1: Swinging Strike
0-2: Ball
1-2: Ball
2-2: Strikes out swinging
Top of the 7th over - 3 runs, 3 hits, 0 errors, 0 left on base; North Carolina State 3 - Oregon State 3
BOTTOM OF THE 7TH
Oregon State Beavers batting - Pitching for North Carolina State Wolfpack : RHP Vaughn O'Malquiney
Now at 3B: Chris Curry
Batting: RHB Chris Daly 0-0: Called Strike
0-1: Swinging Strike
0-2: Ball
1-2: Ball
2-2: Ball
3-2: Fly out, F8 (Flyball, 8RM)
Batting: LHB Jon Jackson 0-0: Ball
1-0: DOUBLE (Line Drive, 9LM)
Batting: RHB Wilson Serrano 0-0: Called Strike
0-1: Foul Ball, location: 2F
0-2: Ball
1-2: Strikes out swinging
Batting: SHB Luis Rodríguez 0-0: Called Strike
0-1: Fly out, F6 (Line Drive, 6M)
Bottom of the 7th over - 0 runs, 1 hit, 0 errors, 1 left on base; North Carolina State 3 - Oregon State 3
TOP OF THE 8TH
North Carolina State Wolfpack batting - Pitching for Oregon State Beavers : LHP Carroll O'Donovan
Batting: LHB Ramón Quintanilla 0-0: Ball
1-0: Ball
2-0: Ball
3-0: Base on Balls
Batting: LHB Aaron Atkins 0-0: Called Strike
0-1: Ball
1-1: Swinging Strike
1-2: Strikes out looking
Batting: LHB John Fuller 0-0: Ball
1-0: Ball
2-0: Called Strike
2-1: Foul Ball, location: 2F
2-2: SINGLE (Groundball, P) (infield hit)
Ramón Quintanilla to second
Batting: LHB Ryan Cook 0-0: Ball
1-0: Foul Ball, location: 2F
1-1: Ball
2-1: Ball
3-1: Foul Ball, location: 2F
3-2: Grounds out, U3 (Groundball, 3L)
Ramón Quintanilla to third
Batting: SHB Paul Campbell 0-0: Ball
1-0: Foul Ball, location: 2F
1-1: Swinging Strike
1-2: Ball
2-2: Strikes out swinging
Top of the 8th over - 0 runs, 1 hit, 0 errors, 2 left on base; North Carolina State 3 - Oregon State 3
BOTTOM OF THE 8TH
Oregon State Beavers batting - Pitching for North Carolina State Wolfpack : RHP Vaughn O'Malquiney
Batting: RHB Julius Sears 0-0: Ball
1-0: Foul Ball, location: 2F
1-1: Swinging Strike
1-2: Ball
2-2: Ball
3-2: Ground out 6-3 (Groundball, 6M)
Batting: RHB Bert Smith 0-0: Ball
1-0: Ball
2-0: Called Strike
2-1: Ball
3-1: Swinging Strike
3-2: Ground out 5-3 (Groundball, 56)
Batting: RHB Travis Jackson 0-0: Ball
1-0: Ball
2-0: Foul Ball, location: 2F
2-1: Fly out, F7 (Flyball, 7S)
Bottom of the 8th over - 0 runs, 0 hits, 0 errors, 0 left on base; North Carolina State 3 - Oregon State 3
TOP OF THE 9TH
North Carolina State Wolfpack batting - Pitching for Oregon State Beavers : LHP Carroll O'Donovan
Pitching: RHP Mario Benoit
Batting: RHB Chris Seals 0-0: Ground out U3 (Groundball, 3)
Pinch Hitting: RHB Joe Davis 0-0: Fly out, F7 (Flyball, 7LMF)
Batting: RHB Chris Curry 0-0: Called Strike
0-1: Ball
1-1: Swinging Strike
1-2: Ball
2-2: Ball
3-2: Strikes out swinging
Top of the 9th over - 0 runs, 0 hits, 0 errors, 0 left on base; North Carolina State 3 - Oregon State 3
BOTTOM OF THE 9TH
Oregon State Beavers batting - Pitching for North Carolina State Wolfpack : RHP Vaughn O'Malquiney
Now in RF: Alex Miller
Batting: RHB Lance Fullerton 0-0: Ground out 6-3 (Groundball, 6)
Batting: RHB Michael Kissinger 0-0: SINGLE (Flyball, 7LM)
Pinch Runner at 1st Ed Edmonds:
Batting: RHB Chris Daly 0-0: Ball
1-0: Grounds into double play, 5-4-3 (Groundball, 5)
Bottom of the 9th over - 0 runs, 1 hit, 0 errors, 0 left on base; North Carolina State 3 - Oregon State 3
TOP OF THE 10TH
North Carolina State Wolfpack batting - Pitching for Oregon State Beavers : RHP Mario Benoit
Now at C: Steve Gómez
Batting: LHB Steven Gregory 0-0: Ball
1-0: DOUBLE (Groundball, 3L)
Batting: LHB Ramón Quintanilla 0-0: Called Strike
0-1: Called Strike
0-2: Strikes out swinging
Batting: LHB Aaron Atkins 0-0: Intentional Walk
Batting: LHB John Fuller 0-0: Ball
1-0: Ball
2-0: Reached on error, E6 (Groundball, 6)
Steven Gregory to third
Aaron Atkins to second
Batting: LHB Ryan Cook 0-0: Ball
1-0: Ball
2-0: Called Strike
2-1: Foul Ball, location: 2F
2-2: Ball
3-2: Grounds into fielders choice 3-2 (Groundball, 3)
Aaron Atkins to third
John Fuller to second
Batting: SHB Paul Campbell 0-0: Ball
1-0: Ball
2-0: Foul Ball, location: 2F
2-1: Foul Ball, location: 2F
2-2: Foul Ball, location: 2F
2-2: Strikes out swinging
Top of the 10th over - 0 runs, 1 hit, 1 error, 3 left on base; North Carolina State 3 - Oregon State 3
BOTTOM OF THE 10TH
Oregon State Beavers batting - Pitching for North Carolina State Wolfpack : RHP Vaughn O'Malquiney
Pitching: RHP Frank Knight
Batting: LHB Jon Jackson 0-0: Foul Ball, location: 2F
0-1: Ball
1-1: Ball
2-1: SINGLE (Groundball, 4MD)
Batting: RHB Wilson Serrano 0-0: Ball
1-0: 2-RUN HOME RUN (Flyball, 7LD), Distance : 332 ft
Saturday, December 16th, 2017 - OOTP Baseball 18.8 Build 76